 Dungeon Crawl Stone Soup version 0.26-a0-346-g33516b1736 (webtiles) character file.

Game seed: 2417682297884278467

1366604 Misa the Conqueror (level 27, -3/238 HPs)
             Began as a Gargoyle Fighter on July 15, 2020.
             Was the Champion of the Shining One.
             Splashed by an acid blob's acid (6 damage)
             ... on level 4 of the Pits of Slime on July 17, 2020.
             The game lasted 10:35:43 (192481 turns).

Misa the Conqueror (Gargoyle Fighter)             Turns: 192481, Time: 10:35:43

Health: -3/238     AC: 37    Str: 26    XL:     27
Magic:  38/38      EV: 27    Int:  9    God:    the Shining One [******]
Gold:   4389       SH: 62    Dex: 20    Spells: 57/57 levels left

rFire    + + .     SeeInvis .   c - +9 eudemon blade (holy)
rCold    + + +     Faith    .   Q - +8 tower shield {AC+3}
rNeg     + + +     Spirit   .   P - +0 plate armour "Muwoh" {rElec Regen+ Str-3 Slay+5} (curse)
rPois    ∞         Reflect  +   g - +2 helmet
rElec    +         Harm     .   E - scarf {rC+ rF+}
rCorr    +         Rnd*Tele +   n - +3 pair of gauntlets of War {Slay+5}
MR       +++..                  i - +2 pair of boots {run}
Stlth    ..........             m - amulet "Inenuuc" {Reflect rElec Dex+10 SH+5}
HPRegen  0.00/turn              v - ring of Hintapt {rPois rF+ rC+ MR+ Stlth-}
MPRegen  0.26/turn              y - ring of the Tormentor {rC+ rCorr Dex+5}

@: berserking, divine shield, corroded, flying, glowing, very quick
A: big wings, large bone plates 1, thin metallic scales 1, camouflage 1, blurry
vision 3, clumsy 2, deterioration 2, frail 2, low mp 1, negative energy
resistance 1, screaming 3, electricity resistance, inhibited regeneration,
teleportitis 3, weak 2, unbreathing, petrification resistance, no potion heal 1,
rot immunity, subdued magic 2, AC +20
}: 8/15 runes: decaying, silver, iron, obsidian, icy, bone, abyssal, gossamer
a: Stop Flying, Divine Shield, Cleansing Flame, Summon Divine Warrior, Renounce
Religion


You were on level 4 of the Pits of Slime.
You worshipped the Shining One.
The Shining One was exalted by your worship.
You visited 18 branches of the dungeon, and saw 88 of its levels.
You visited the Abyss 1 time.
You also visited: Wizlab and Desolation.

You collected 27346 gold pieces.
You spent 7529 gold pieces at shops.
You paid 15428 gold pieces to Gozag.

Inventory:

Hand Weapons
 c - a +9 eudemon blade of holy wrath (weapon)
 B - the +10 long sword of Division {distort, Int-2 Dex+8}
   (You bought it in a shop on level 4 of the Lair of Beasts)

   It warps and distorts space around it.
   Unwielding it can cause banishment or high damage.
   It affects your intelligence (-2).
   It affects your dexterity (+8).
Missiles
 b - 12 javelins (quivered)
 f - 4 silver boomerangs
 k - 68 boomerangs
Armour
 g - a +2 helmet (worn)
 i - a +2 pair of boots of running (worn)
 n - the +3 pair of gauntlets of War (worn) {Slay+5}
   (You found it on level 7 of Cocytus)

   It affects your accuracy and damage with ranged weapons and melee attacks
   (+5).
 E - a scarf of resistance (worn)
 K - a scarf of repulsion
 P - the cursed +0 plate armour "Muwoh" (worn) {rElec Regen+ Str-3 Slay+5}
   (You found it on level 10 of the Dungeon)

   It affects your strength (-3).
   It affects your accuracy and damage with ranged weapons and melee attacks
   (+5).
   It insulates you from electricity.
   It increases your rate of regeneration.
   It has a curse placed upon it.
 Q - a +8 tower shield of protection (worn)
Jewellery
 m - the amulet "Inenuuc" (around neck) {Reflect rElec Dex+10 SH+5}
   (You bought it in a shop on level 1 of the Vaults)

   [amulet of reflection]

   It shields you and reflects attacks.
   It affects your dexterity (+10).
   It insulates you from electricity.
   It affects your SH (+5).
 r - the ring "Fumausm" {+Fly rCorr Int+5}
   (You found it on level 2 of the Vaults)

   [ring of resist corrosion]

   It affects your intelligence (+5).
   It lets you fly.
   It provides partial protection from all sources of acid and corrosion.
 v - the ring of Hintapt (left hand) {rPois rF+ rC+ MR+ Stlth-}
   (You found it on level 7 of the Iron City of Dis)

   [ring of protection from fire]

   It protects you from fire.
   It protects you from cold.
   It protects you from poison.
   It affects your resistance to hostile enchantments.
   It makes you less stealthy.
 y - the ring of the Tormentor (right hand) {rC+ rCorr Dex+5}
   (You found it on level 7 of the Iron City of Dis)

   [ring of resist corrosion]

   It affects your dexterity (+5).
   It protects you from cold.
   It provides partial protection from all sources of acid and corrosion.
 F - the amulet of the Four Winds {rN+ MR+++ Clar}
   (You bought it in a shop on level 1 of the Vaults)

   [amulet of nothing]

   It protects you from negative energy.
   It affects your resistance to hostile enchantments.
   It protects you against confusion.
 M - the ring "Bitz" {+Inv rF+ MR+ Slay+2}
   (You bought it in a shop on level 1 of the Vaults)

   [ring of protection from magic]

   It affects your accuracy and damage with ranged weapons and melee attacks
   (+2).
   It protects you from fire.
   It affects your resistance to hostile enchantments.
   It lets you turn invisible.
Wands
 U - a wand of digging (6)
Scrolls
 a - 4 scrolls of fear
 e - 31 scrolls of remove curse
 h - 20 scrolls of identify
 s - a scroll of enchant armour
 t - 9 scrolls of amnesia
 x - 27 scrolls of teleportation
 z - 9 scrolls of fog
 G - 3 scrolls of noise
 I - 7 scrolls of magic mapping
 R - 2 scrolls of silence
 S - 3 scrolls of holy word
 X - 3 scrolls of blinking
 Y - 2 scrolls of summoning
Potions
 d - 6 potions of might
 j - 7 potions of mutation
 l - 7 potions of cancellation
 o - 9 potions of heal wounds
 p - 25 potions of curing
 q - 10 potions of haste
 w - 7 potions of ambrosia
 A - 17 potions of resistance
 J - 6 potions of berserk rage
 N - 5 potions of brilliance
Miscellaneous
 C - a phial of floods
 D - 3 boxes of beasts


   Skills:
 O Level 27 Fighting
 O Level 27 Long Blades
   Level 14.1 Maces & Flails
 O Level 27 Throwing
 O Level 27 Armour
 O Level 27 Dodging
 - Level 11.9 Stealth
 O Level 27 Shields
 + Level 15.8 Spellcasting
 O Level 27 Invocations
 O Level 27 Evocations


You had 57 spell levels left.
You didn't know any spells.
Your spell library contained the following spells:

 Spells                   Type           Power        Failure   Level
 Animate Skeleton         Necr           #.....       19%         1
 Apportation              Tloc           #.....       19%         1
 Beastly Appendage        Tmut           #.....       19%         1
 Corona                   Hex            #......      19%         1
 Foxfire                  Conj/Fire      #...         19%         1
 Freeze                   Ice            #...         19%         1
 Magic Dart               Conj           #...         19%         1
 Pain                     Necr           #...         19%         1
 Sandblast                Erth           #.....       19%         1
 Shock                    Conj/Air       #...         19%         1
 Sting                    Tmut/Pois      #...         19%         1
 Summon Small Mammal      Summ           #...         19%         1
 Blink                    Tloc           N/A          28%         2
 Call Imp                 Summ           #.......     28%         2
 Passwall                 Tmut/Erth      #.......     28%         2
 Poisonous Vapours        Pois/Air       #.....       28%         2
 Searing Ray              Conj           #.....       28%         2
 Slow                     Hex            #.......     28%         2
 Swiftness                Air            #.......     28%         2
 Wereblood                Tmut           #.......     28%         2
 Call Canine Familiar     Summ           #.......     50%         3
 Conjure Flame            Conj/Fire      #.......     50%         3
 Dazzling Flash           Conj/Hex       #.....       50%         3
 Gell's Gravitas          Tloc           #.........   50%         3
 Ignite Poison            Fire/Tmut/Pois #.......     50%         3
 Inner Flame              Hex/Fire       #.......     50%         3
 Lesser Beckoning         Tloc           #.........   50%         3
 Mephitic Cloud           Conj/Pois/Air  #.......     50%         3
 Portal Projectile        Hex/Tloc       #.....       50%         3
 Spider Form              Tmut/Pois      #.........   50%         3
 Static Discharge         Conj/Air       #.......     50%         3
 Stone Arrow              Conj/Erth      #.....       50%         3
 Summon Guardian Golem    Hex/Summ       #.......     50%         3
 Teleport Other           Tloc           #.......     50%         3
 Tukima's Dance           Hex            #.......     50%         3
 Vampiric Draining        Necr           #.........   50%         3
 Airstrike                Air            #.........   90%         4
 Animate Dead             Necr           #.........   90%         4
 Cause Fear               Hex            #.........   90%         4
 Fulminant Prism          Conj/Hex       #.........   90%         4
 Ice Form                 Ice/Tmut       #.......     90%         4
 Iskenderun's Mystic Bla  Conj/Tloc      #.......     90%         4
 Leda's Liquefaction      Hex/Erth       #.........   90%         4
 Olgreb's Toxic Radiance  Pois           #.......     90%         4
 Passage of Golubria      Tloc           N/A          90%         4
 Petrify                  Tmut/Erth      #.......     90%         4
 Sticky Flame             Conj/Fire      #.......     90%         4
 Summon Ice Beast         Ice/Summ       #.......     90%         4
 Summon Lightning Spire   Summ/Air       #.......     90%         4
 Agony                    Necr           #.......     99%         5
 Alistair's Intoxication  Tmut/Pois      #.......     99%         5
 Blade Hands              Tmut           #.........   99%         5
 Bolt of Magma            Conj/Fire/Erth #.........   99%         5
 Borgnjor's Vile Clutch   Necr/Erth      #.........   99%         5
 Excruciating Wounds      Necr           #.........   99%         5
 Fireball                 Conj/Fire      #.........   99%         5
 Irradiate                Conj/Tmut      #.........   99%         5
 Lee's Rapid Deconstruct  Erth           #.........   99%         5
 Lightning Bolt           Conj/Air       #.........   99%         5
 Metabolic Englaciation   Hex/Ice        #.........   99%         5
 Silence                  Hex/Air        #.........   99%         5
 Summon Demon             Summ           #.........   99%         5
 Summon Forest            Summ/Tloc      #.........   99%         5
 Summon Mana Viper        Hex/Summ       #.......     99%         5
 Yara's Violent Unravell  Hex/Tmut       #.........   99%         5
 Death Channel            Necr           #.........   100%        6
 Eringya's Noxious Bog    Tmut/Pois      #.........   100%        6
 Freezing Cloud           Conj/Ice/Air   #.........   100%        6
 Hydra Form               Tmut           #.........   100%        6
 Invisibility             Hex            #.......     100%        6
 Iron Shot                Conj/Erth      #.........   100%        6
 Ozocubu's Refrigeration  Ice            #.........   100%        6
 Shadow Creatures         Summ           N/A          100%        6
 Simulacrum               Ice/Necr       #.........   100%        6
 Dragon Form              Tmut           #.........   100%        7
 Orb of Destruction       Conj           #.........   100%        7
 Shroud of                Golubria       N/A          100%        7
 Summon Hydra             Summ           #.........   100%        7
 Chain Lightning          Conj/Air       #.........   100%        8
 Discord                  Hex            #.........   100%        8
 Disjunction              Tloc           #.........   100%        8
 Ignition                 Fire           #.........   100%        8
 Lehudib's Crystal Spear  Conj/Erth      #.........   100%        8
 Absolute Zero            Ice            #.........   100%        9
 Fire Storm               Conj/Fire      #.........   100%        9
 Shatter                  Erth           #.........   100%        9
 Tornado                  Air            #.........   100%        9
 Sublimation of Blood     Necr           Unusable     N/A         2
 Statue Form              Tmut/Erth      Unusable     N/A         6

Dungeon Overview and Level Annotations

Branches:
Dungeon (15/15)            Temple (1/1) D:6            Lair (6/6) D:9
  Swamp (4/4) Lair:3       Spider (4/4) Lair:4        Slime (5/5) Lair:5
    Orc (2/2) D:11            Elf (3/3) Orc:2        Vaults (5/5) D:14
  Crypt (3/3) Vaults:2       Tomb (1/3) Crypt:3      Depths (5/5) D:15
   Hell (visited)             Dis (7/7) Hell            Geh (7/7) Hell
    Coc (7/7) Hell            Tar (7/7) Hell            Zot (5/5) Depths:5
 WizLab (visited)         Desolation (visited)

Altars:
Ashenzari
Dithmenos
Fedhas
Gozag
Hepliaklqana
Kikubaaqudgha
Makhleb
Nemelex Xobeh
Qazlal
Ru
Sif Muna
Trog
Vehumet
Wu Jian
Xom
Yredelemnul
The Shining One
Jiyva

Shops:
D:5 [   D:10 ==   D:15 *   Orc:2 :*(*!?!?!   Elf:1 (   Lair:4 (
Vaults:1 =****=   Vaults:4 *   Depths:1 [*

Portals:
Hell: Depths:1 Depths:2 Depths:3 Depths:4 Depths:5
Abyss: Depths:2 Depths:4
Pandemonium: Depths:3 Depths:4
Ziggurat: Depths:3
Trove: D:11 (give 11 potions of heal wounds)

Annotations:
Crypt:2 1 runed translucent door, exclusion: downstairs, Nyot's ghost, veteran GrFi
Crypt:3 1 runed translucent door, exclusion: upstairs, Boris; Misa's ghost, master GrBe
Zot:4 4 transporters
Abyss:1 Arachne, Donald, Frederick, Gastronok, Louise, Mara, Nikola, Saint Roka, the Enchantress


Innate Abilities, Weirdness & Mutations

You are resistant to torment.
Your stone body is resilient. (AC +20)
You are immune to poison.
Your large and strong wings let you fly indefinitely.
You resist negative energy. (rN+)
You are resistant to electric shocks. (rElec)
You can survive without breathing.
You are immune to petrification.
You are immune to rotting.
You are partially covered in large bone plates. (SH +4)
You are partially covered in thin metallic scales. (AC +2)
Your skin changes colour to match your surroundings (Stealth+).
Scrolls take you much longer to read.
You are very clumsy. (Dex -4)
Your body often deteriorates upon taking damage.
You are very frail. (-20% HP)
Your magical capacity is low. (-10% MP)
You frequently scream uncontrollably at your foes.
You do not regenerate when monsters are visible.
You are often teleported next to monsters.
You are very weak. (Str -4)
Potions are less effective at restoring your health.
Your spells are easier to cast, but less powerful.


Message History

You slice the acid blob!!
Your hands burn!
* * * LOW HITPOINT WARNING * * *
The acid blob is almost dead.
The acid blob spits acid at you.
The splash of acid reflects off an invisible shield around you!
The splash of acid hits the acid blob.
The acid blob completely resists.
The acid blob spits acid at you.
The splash of acid hits you but does no damage.
The acid corrodes you!
You are splashed with acid.
You resist.
* * * LOW HITPOINT WARNING * * *
You block the acid blob's attack.
You hit the acid blob.
Your hands burn!
* * * LOW HITPOINT WARNING * * *
The acid blob is almost dead.
You block the acid blob's attack. The acid blob spits acid at you.
The splash of acid hits you! You resist.
* * * LOW HITPOINT WARNING * * *
The acid corrodes you!
You are splashed with acid.
You resist.
You die...

##.#.#.......## #...#
#.....##.....######...#
#......#.......##.....#
##.#.................#
##................##
#.................#
#.................###
##..........JJJ.....### #
##.........J@J.......###
##.##...........JJ.........##
#...........#................#
.#.##.......#..........#.#....#
.. ##.#................### #.##
. #..................## # #
.##.#...............### ##
...........#.........# .
..#.##...#####.##...## ##.


You could see 7 acid blobs.

Vanquished Creatures
  Antaeus (Coc:7)
  Asmodeus (Geh:7)
  the Royal Jelly (Slime:5)
  Ereshkigal (Tar:7)
  the Serpent of Hell (Coc:7)
  Dispater (Dis:7)
  10 orbs of fire
  The ghost of walterwhite the Slayer, a legendary MiFi of Okawaru (Zot:5)
  2 juggernauts
  Mennas (Depths:4)
  5 ancient liches
  A large abomination (Depths:4)
  Bai Suzhen (Vaults:2)
  Sojobo (Vaults:3)
  15 shard shrikes
  The ghost of Zebal the Bewitcher, a legendary DsEn of Kikubaaqudgha (Zot:3)
  3 Killer Klowns (Zot:5)
  4 curse toes
  3 caustic shrikes (Depths:5)
  Jory (Depths:4)
  Geryon (Hell)
  8 golden dragons
  69 bone dragons
  98 doom hounds
  16 Brimstone Fiends
  413 Tzitzimimeh
  3 iron giants (Dis:7)
  2 hellephants (Abyss:4)
  15 tentacled monstrosities
  2 electric golems (Zot:5)
  13 liches
  21 Orb Guardians (Zot:5)
  Jorgrun (Swamp:1)
  A shard shrike skeleton (Crypt:1)
  4 Hell Sentinels (Dis:7)
  6 quicksilver dragons
  Asterion (Depths:1)
  2 deep elf master archers (Elf:3)
  17 Ice Fiends
  A titan (Depths:4)
  A deep elf blademaster (Elf:2)
  14 acid blobs
  2 Executioners (Dis:7)
  3 sphinxes
  20 ancient champions
  9 death cobs
  2 thorn hunters (Depths:3)
  5 revenants
  72 shadow dragons
  3 draconian monks
  Kirke (Spider:1)
  17 storm dragons
  23 azure jellies
  8 fire giants
  15 frost giants
  3 tengu reavers
  5 iron dragons (Dis:7)
  3 ghost moths
  3 draconian knights
  5 draconian scorchers
  11 balrugs
  10 deep elf sorcerers
  6 vault wardens
  An orc warlord (Vaults:2)
  2 curse skulls (Crypt:3)
  An emperor scorpion (Spider:4)
  An angel (Abyss:4)
  5 draconian shifters
  14 ghouls
  4 spriggan defenders
  4 draconian annihilators
  2 draconian stormcallers
  18 very ugly things
  2 elemental wellsprings (Coc:7)
  7 ironheart preservers
  11 war gargoyles
  A juggernaut skeleton (Depths:3)
  6 deep elf elementalists
  3 entropy weavers
  37 vampire knights
  8 deep elf demonologists
  7 stone giants
  9 black draconians
  200 reapers
  8 red draconians
  A lorocyproca (Dis:7)
  3 green draconians
  2 halazid warlocks (Desolation)
  7 dire elephants
  9 deep elf annihilators
  4 purple draconians
  4 spark wasps (Depths:4)
  12 white draconians
  14 yellow draconians
  A spark wasp (shapeshifter) (Depths:4)
  6 ettins
  8 quicksilver dragon zombies
  7 fire dragons
  7 death oozes
  8 deep elf death magi
  A crystal guardian (Desolation)
  2 eidola
  16 blizzard demons
  2 green deaths
  2 mummy priests (Crypt:3)
  12 yaktaur captains
  8 deep elf high priests
  7 great orbs of eyes
  36 jiangshi
  13 quicksilver dragon skeletons
  3 ragged hierophants (Desolation)
  4 small abominations
  16 vault guards
  20 ice dragons
  4 servants of whispers (Desolation)
  2 rakshasas
  8 hydras
  Harold (D:8)
  5 spriggan air magi
  13 ghost crabs
  2 shambling mangroves
  5 peacekeepers (Desolation)
  7 death yaks
  6 alligators
  Erica (D:11)
  5 centaur warriors
  12 dancing weapons
  29 two-headed ogres
  A queen ant (Spider:2)
  8 ogre magi
  4 death scarabs (Tomb:1)
  40 hell hogs
  4 deep troll shamans
  Urug (Lair:4)
  10 titan skeletons
  39 vampire magi
  7 deep troll earth magi
  22 titan zombies
  71 hell knights
  3 spriggan berserkers (Depths:4)
  14 spriggans
  Nergalle (D:12)
  20 sun demons
  13 deep elf knights
  An iron golem (Dis:1)
  31 soul eaters
  2 wretched stars (Abyss:4)
  5 shadow wraiths
  A spatial maelstrom (Abyss:4)
  13 storm dragon zombies
  2 iron trolls
  28 storm dragon skeletons
  A sixfirhy (Depths:4)
  An unseen horror (shapeshifter) (Depths:4)
  12 death drakes
  8 glowing orange brains
  541 skeletal warriors
  3 spriggan druids
  A death drake (shapeshifter) (Elf:3)
  13 shadow dragon zombies
  7 golden dragon zombies
  A spectral anaconda (Depths:2)
  6 wizards
  A spark wasp zombie (Crypt:2)
  5 unseen horrors
  9 ghost moth zombies
  12 ironbrand convokers
  101 shadow demons
  37 flayed ghosts
  16 deep trolls
  14 anaconda skeletons
  26 anaconda zombies
  4 swamp dragons
  2 orange crystal statues
  88 phantasmal warriors
  A swamp dragon (shapeshifter) (Vaults:5)
  An obsidian statue (Zot:5)
  15 deep elf archers
  A torturous demonspawn (Depths:3)
  18 frost giant zombies
  9 golden dragon skeletons
  3 kraken simulacra (Coc:7)
  17 wolf spider zombies
  A wolf spider (shapeshifter) (Depths:5)
  24 necromancers
  An orb spider (shapeshifter) (Elf:2)
  4 harpies (Vaults:3)
  11 orc knights
  19 orb spiders
  13 iron dragon zombies
  22 fire giant zombies
  4 mana vipers (Depths:2)
  21 wolf spiders
  A cyclops (shapeshifter) (Depths:4)
  12 shadow dragon skeletons
  36 ugly things
  3 manticores
  61 deep elf magi
  29 moths of wrath
  9 shock serpent zombies
  7 orc sorcerers
  18 frost giant skeletons
  28 stone giant zombies
  3 elephants (Abyss:4)
  4 shining eyes
  4 cyclopes
  12 iron dragon skeletons
  3 elf zombies
  19 stone giant skeletons
  27 fire giant skeletons
  2 guardian serpents (Desolation)
  28 rust devils
  9 smoke demons
  3 centaur zombies
  5 titan simulacra (Coc:7)
  2 ice statues (Coc:7)
  20 dire elephant zombies
  7 black mambas
  10 molten gargoyles
  11 vault sentinels
  3 gargoyles
  14 dire elephant skeletons
  10 cane toads
  A water nymph (shapeshifter) (Depths:1)
  25 yaktaurs
  11 storm dragon simulacra
  61 hellions
  A rime drake (Lair:5)
  4 emperor scorpion zombies (Tar:1)
  9 human zombies
  2 kobold demonologists (D:15)
  A red draconian zombie (Crypt:1)
  4 catoblepas zombies
  6 elf skeletons
  2 anaconda simulacra (Coc:7)
  91 tormentors
  7 komodo dragons
  8 shock serpent skeletons
  An iron troll zombie (Crypt:2)
  6 demonic crawlers
  3 spectral merfolk (Depths:2)
  3 efreet
  An ancient zyme (Abyss:4)
  7 guardian mummies
  86 freezing wraiths
  A purple draconian skeleton (Tar:7)
  A red draconian skeleton (Tar:1)
  30 red devils
  45 ice devils
  A golden dragon simulacrum (Tar:1)
  6 harpy zombies
  2 hellwings (Depths:4)
  7 trolls
  24 jumping spiders
  24 hydra zombies
  33 silent spectres
  17 hornets
  4 catoblepas skeletons
  Prince Ribbit (D:8)
  A queen bee (Spider:3)
  8 harpy skeletons
  112 slime creatures
  7 tyrant leeches
  12 bog bodies
  2 stone giant simulacra
  21 ettin zombies
  11 blink frogs
  45 saltlings (Desolation)
  5 raiju
  12 ice dragon zombies
  18 hydra skeletons
  Sigmund (D:2)
  21 fire dragon zombies
  A slime creature (shapeshifter) (Vaults:5)
  12 hippogriffs
  13 alligator zombies
  161 shadows
  7 alligator skeletons
  A spriggan (shapeshifter) (Vaults:2)
  7 fire dragon skeletons
  382 flying skulls
  2 wyverns (D:10)
  61 redbacks
  3 vampires
  A tarantella (shapeshifter) (Depths:4)
  16 water elementals
  An air elemental (Elf:1)
  5 black mamba zombies
  27 tarantellas
  17 ettin skeletons
  2 ushabtiu
  59 yaks
  13 ice dragon skeletons
  3 basilisks
  31 fire elementals
  65 wraiths
  A hog (shapeshifter) (Depths:1)
  10 fire bats (Geh:1)
  9 golden eyes
  A golden eye (shapeshifter) (Vaults:5)
  5 hogs
  15 vampire mosquitoes
  6 black mamba skeletons
  A naga (shapeshifter) (Depths:3)
  21 insubstantial wisps
  6 swamp worms
  3 swamp worm simulacra (Swamp:4)
  12 wargs
  A naga (Depths:1)
  3 merfolk zombies
  16 soldier ants
  3 spatial vortices (Abyss:4)
  A deep troll zombie (Vaults:1)
  A water moccasin (shapeshifter) (Depths:5)
  An infernal demonspawn zombie (Tar:1)
  366 hell hounds
  3 acid dragons
  12 cane toad zombies
  19 hydra simulacra
  An orb spider zombie (Crypt:1)
  3 merfolk skeletons (Tar:1)
  9 water moccasins
  2 floating eyes
  A black bear (shapeshifter) (Depths:4)
  54 orc warriors
  5 porcupines
  A spectral troll (Depths:2)
  21 cane toad skeletons
  6 swamp drakes
  2 spectral spriggans (Depths:2)
  68 phantoms
  2 black bears
  9 ice beasts
  An eye of draining (shapeshifter) (Depths:4)
  7 manticore zombies
  21 snapping turtle zombies
  30 ogres
  2 ettin simulacra
  5 eyes of draining
  6 swamp dragon zombies
  170 necrophages
  2 wolves
  4 boggarts (Vaults:1)
  15 centaurs
  An elephant skeleton (Crypt:1)
  5 manticore skeletons
  8 crocodiles
  11 snapping turtle skeletons
  10 swamp dragon skeletons
  3 big kobolds
  5 earth elementals
  14 bullfrogs
  A cane toad simulacrum (Coc:7)
  2 gnoll sergeants
  An ogre simulacrum (Vaults:1)
  3 troll zombies
  2 wyvern skeletons
  2 spectral nagas (Depths:2)
  A raiju zombie (Crypt:3)
  5 scorpions
  3 spectral ogres (Depths:2)
  A manticore simulacrum (Tar:2)
  3 human simulacra
  18 killer bees
  3 spriggan zombies
  11 electric eels
  489 wights
  2 troll skeletons (Tar:1)
  A howler monkey (D:7)
  9 crimson imps
  2 bullfrog zombies
  2 yaktaur simulacra
  26 orc priests
  7 iron imps
  5 hounds
  4 jellies
  3 quasits
  9 centaur skeletons
  A gnoll shaman (D:8)
  49 orc wizards
  Natasha (D:2)
  3 bullfrog skeletons
  6 iguanas
  13 human skeletons
  Terence (D:2)
  25 worker ants
  A naga zombie (Tar:7)
  2 ogre zombies
  2 centaur simulacra
  4 tengu zombies
  3 naga skeletons
  An ogre skeleton (Tar:1)
  3 tengu skeletons
  2 hound zombies
  A hound skeleton (D:8)
  8 mummies
  3 worker ant zombies
  Robin (D:2)
  6 gnolls
  A howler monkey skeleton (D:10)
  A howler monkey zombie (Crypt:2)
  A tengu simulacrum (Tar:2)
  9 adders
  133 shadow imps
  15 white imps
  2 oozes (Lair:5)
  4 swamp drake simulacra (Swamp:4)
  An adder zombie (D:8)
  5 worms
  A barachi zombie (Crypt:1)
  2 dart slugs (D:4)
  6 leopard geckos
  144 orcs
  5 giant cockroaches
  14 goblins
  10 hobgoblins
  3 jackals
  5 quokkas
  2 ball pythons
  4 bats
  10 frilled lizards
  2 jackal skeletons
  16 kobolds
  3 kobold skeletons (Tar:1)
  2 kobold zombies (Tar:1)
  A leopard gecko skeleton (D:9)
  3 orc skeletons
  An orc zombie (Crypt:1)
  A quokka skeleton (D:4)
  2 quokka zombies (Crypt:3)
  4 rats
  3 briar patches (Depths:3)
  2 crawling corpses (Depths:4)
  2 tentacles (Coc:7)
  3 withered plants (D:15)
7407 creatures vanquished.

Vanquished Creatures (collateral kills)
  3 Tzitzimimeh (Tar:1)
  A Brimstone Fiend (Dis:7)
  4 Orb Guardians (Zot:5)
  A Hell Sentinel (Dis:7)
  A titan (Vaults:5)
  An ancient champion (Dis:7)
  A storm dragon (Vaults:5)
  2 balrugs
  A reaper (Tar:1)
  4 war gargoyles (Dis:7)
  A vampire knight (Dis:7)
  A yaktaur captain (Vaults:5)
  A quicksilver dragon skeleton (Geh:7)
  A vault guard (Vaults:5)
  An ice dragon (Coc:7)
  A dancing weapon (Dis:7)
  4 hell hogs (Geh:7)
  An iron golem (Dis:7)
  3 sun demons (Geh:7)
  A titan zombie (Dis:7)
  3 hell knights
  An anaconda zombie (Dis:7)
  2 skeletal warriors (Dis:7)
  A kraken simulacrum (Coc:7)
  An anaconda skeleton (Tar:1)
  A phantasmal warrior (Vaults:5)
  2 rust devils (Dis:7)
  A torpor snail (Lair:4)
  2 ice devils
  A tormentor (Tar:1)
  3 red devils (Geh:7)
  A bog body (Coc:7)
  6 flying skulls (Tar:1)
  2 wraiths
  A fire elemental (Geh:7)
  8 hell hounds
  An orc warrior (Vaults:5)
  A necrophage (Tar:1)
  7 wights (Geh:7)
  A human zombie (Geh:7)
  An orc priest (Vaults:5)
  An iron imp (Dis:7)
  An orc (Vaults:5)
83 creatures vanquished.

Vanquished Creatures (others)
  Boris (Vaults:4)
  A lich (Vaults:2)
  3 titans (Vaults:5)
  A deep elf blademaster (Elf:3)
  2 ancient champions (Crypt:1)
  2 shadow dragons
  A thorn hunter (Depths:3)
  A tengu reaver (Vaults:5)
  2 storm dragons
  3 fire giants
  2 frost giants
  An imperial myrmidon (Desolation)
  4 vault wardens (Vaults:5)
  A ghost moth (shapeshifter) (Vaults:5)
  A balrug (Geh:7)
  A deep elf sorcerer (Elf:2)
  A caustic shrike zombie (Crypt:3)
  2 ghouls (Crypt:2)
  5 emperor scorpions (Spider:4)
  2 deep elf elementalists (Vaults:5)
  A spriggan defender (Depths:3)
  A war gargoyle (Dis:7)
  2 very ugly things (D:15)
  An elemental wellspring (Coc:7)
  5 stone giants
  8 ironheart preservers
  A deep elf annihilator (Elf:3)
  2 eidola
  2 ettins
  A jiangshi (Vaults:2)
  4 deep elf death magi
  A crystal guardian (Desolation)
  3 fire dragons
  3 ice dragons
  2 deep elf high priests
  5 vault guards
  4 great orbs of eyes
  5 ogre magi
  A ragged hierophant (Desolation)
  6 yaktaur captains
  2 spriggan air magi (Depths:3)
  2 hydras
  A naga warrior (Depths:1)
  2 servants of whispers (Desolation)
  3 peacekeepers (Desolation)
  2 centaur warriors
  A death knight (D:12)
  10 two-headed ogres
  25 dancing weapons
  An alligator (Swamp:4)
  A shambling mangrove (Swamp:4)
  A deep troll earth mage (Vaults:4)
  A death yak (Lair:5)
  3 vampire magi
  An orc high priest (Orc:2)
  2 deep elf knights
  3 spriggan riders
  3 skeletal warriors
  2 shadow wraiths
  A death drake (Depths:2)
  2 deep trolls (Vaults:1)
  2 flayed ghosts
  3 swamp dragons (Swamp:1)
  4 deep elf archers
  2 naga ritualists (Depths:1)
  A swamp dragon (shapeshifter) (Vaults:5)
  An orange crystal statue (Depths:2)
  5 ironbrand convokers
  A lindwurm (shapeshifter) (Vaults:3)
  A wizard (Vaults:1)
  A harpy (Vaults:3)
  6 orc knights
  17 deep elf magi
  2 wolf spiders
  2 orb spiders
  A cyclops (Vaults:2)
  12 ugly things
  A centaur zombie (D:12)
  A stone giant skeleton (Crypt:1)
  A frost giant skeleton (D:15)
  2 guardian serpents (Desolation)
  A vault sentinel (Vaults:5)
  A cane toad (Swamp:1)
  A molten gargoyle (Desolation)
  A centaur skeleton (D:15)
  A kobold demonologist (D:10)
  2 spectral merfolk (Depths:2)
  11 freezing wraiths
  7 yaktaurs
  2 guardian mummies
  A harpy zombie (Crypt:2)
  6 trolls
  A troll (shapeshifter) (Vaults:1)
  5 demonic crawlers
  8 jumping spiders
  A yellow draconian skeleton (Crypt:1)
  A polar bear (Lair:5)
  6 hornets
  An ettin zombie (D:15)
  7 saltlings (Desolation)
  2 tyrant leeches
  A tyrant leech (shapeshifter) (Depths:3)
  3 hippogriffs
  5 slime creatures
  A blink frog (Lair:1)
  A hydra skeleton (Crypt:1)
  A bog body (Swamp:3)
  An alligator zombie (Crypt:2)
  A fire dragon zombie (D:15)
  4 water elementals
  2 shadows
  7 redbacks
  6 yaks
  A vampire (Depths:2)
  A hog (Spider:1)
  4 wraiths
  4 tarantellas
  A fire elemental (Depths:1)
  2 vampire mosquitoes
  A swamp worm simulacrum (Swamp:4)
  6 soldier ants
  An acid dragon (D:15)
  A swamp worm (Swamp:4)
  A warg (D:10)
  A floating eye (Depths:2)
  3 hydra simulacra (Swamp:4)
  4 hell hounds
  An ice beast (D:10)
  6 orc warriors
  An eye of draining (D:10)
  A snapping turtle zombie (Depths:2)
  A sky beast (D:15)
  A boggart (Vaults:1)
  8 ogres
  2 wolves (Depths:2)
  A crocodile (Lair:5)
  4 bullfrogs
  3 earth elementals
  A killer bee (D:12)
  A spectral naga (Depths:2)
  A human zombie (Crypt:1)
  A starcursed mass (Abyss:4)
  3 orc wizards
  3 orc priests
  An iron imp (Dis:7)
  A big kobold skeleton (Crypt:3)
  An adder (D:10)
  2 shadow imps
  A white imp (Depths:5)
  6 orcs
  5 briar patches (Depths:3)
  4 fungi
  A lurking horror (Abyss:4)
  26 plants
  14 tentacles (Coc:7)
  2 withered plants (D:15)
463 creatures vanquished.

Grand Total: 7953 creatures vanquished

Notes
Turn   | Place    | Note
-------+----------+-------------------------------------------
     0 | D:1      | Misa the Gargoyle Fighter began the quest for the Orb.
     0 | D:1      | Reached XP level 1. HP: 14/14 MP: 1/1
   115 | D:1      | Reached XP level 2. HP: 19/19 MP: 2/2
   748 | D:2      | Noticed Terence
   771 | D:2      | Killed Terence
   771 | D:2      | Reached XP level 3. HP: 15/24 MP: 3/3
   918 | D:2      | Reached skill level 1 in Dodging
  1252 | D:2      | Noticed Sigmund
  1273 | D:2      | Killed Sigmund
  1273 | D:2      | Reached XP level 4. HP: 15/30 MP: 4/4
  1273 | D:2      | Reached XP level 5. HP: 17/34 MP: 5/5
  1273 | D:2      | Reached XP level 6. HP: 19/39 MP: 6/6
  1712 | D:2      | Found a shadowy altar of Dithmenos.
  1803 | D:2      | Noticed Robin
  1812 | D:2      | Killed Robin
  2060 | D:2      | Noticed Natasha
  2066 | D:2      | Killed Natasha
  2423 | D:3      | Found a shattered altar of Ashenzari.
  2465 | D:3      | Noticed a black bear
  2502 | D:3      | Killed a black bear
  2731 | D:3      | Reached XP level 7. HP: 26/44 MP: 7/7
  3685 | D:4      | Reached skill level 5 in Fighting
  3685 | D:4      | Reached skill level 5 in Armour
  3990 | D:4      | Found an opulent altar of Gozag.
  3995 | D:4      | Became a worshipper of Gozag Ym Sagoz the Greedy
  4542 | D:5      | Entered Level 5 of the Dungeon
  4560 | D:5      | Found Sos Xusy's Armour Shop.
  4574 | D:5      | Found a sacrificial altar of Ru.
  4585 | D:5      | Found a sacrificial altar of Ru.
  4648 | D:5      | Found a shimmering blue altar of Sif Muna.
  4648 | D:5      | Found a bloodstained altar of Trog.
  4650 | D:5      | Found a hazy altar of Hepliaklqana.
  4683 | D:5      | Reached skill level 5 in Shields
  5106 | D:5      | Found a shimmering altar of Xom.
  5177 | D:5      | Found a stormy altar of Qazlal.
  5333 | D:6      | Reached XP level 8. HP: 49/49 MP: 8/8
  5391 | D:6      | Found a staircase to the Ecumenical Temple.
  6420 | D:7      | Reached skill level 5 in Maces & Flails
  6824 | D:7      | Noticed a yak
  6832 | D:7      | Killed a yak
  6907 | D:7      | Reached XP level 9. HP: 31/56 MP: 9/9
  7487 | D:8      | Noticed Harold
  7556 | D:9      | Found a radiant altar of Vehumet.
  7682 | D:8      | Killed Harold
  7756 | D:8      | Noticed Prince Ribbit
  7767 | D:8      | Killed Prince Ribbit
  8116 | D:8      | Reached skill level 5 in Dodging
  8116 | D:8      | Reached XP level 10. HP: 47/63 MP: 10/10
  8663 | D:9      | Noticed a two-headed ogre
  8682 | D:9      | Killed a two-headed ogre
  9578 | D:8      | Reached XP level 11. HP: 69/71 MP: 11/11
  9684 | D:9      | Got an encrusted leather armour
  9695 | D:9      | Identified the cursed +1 leather armour of the Falcon
                  | {-Cast rC+ Str+5 Int+4} (You found it on level 9 of the
                  | Dungeon)
  9789 | D:9      | Reached skill level 10 in Shields
  9790 | D:9      | Found an ornate altar of the Wu Jian Council.
  9819 | D:9      | Found a staircase to the Lair.
 10222 | D:10     | Entered Level 10 of the Dungeon
 10225 | D:10     | Bought the ring of the Mage {Wiz MR++ Int+3} for 775 gold
                  | pieces
 10225 | D:10     | Found the ring of the Mage {Wiz MR++ Int+3}
 10264 | D:10     | Noticed a two-headed ogre
 10311 | D:9      | Killed a two-headed ogre
 10311 | D:9      | Reached skill level 10 in Maces & Flails
 10516 | D:10     | Noticed a two-headed ogre
 10593 | D:10     | Found a large runed translucent door.
 10593 | D:10     | Found a large runed translucent door.
 10593 | D:10     | Noticed a green ugly thing
 10602 | D:10     | Found a large runed translucent door.
 10602 | D:10     | Found a large runed translucent door.
 10704 | D:10     | Noticed a deep elf mage
 10732 | D:11     | Noticed a manticore
 10738 | D:10     | Killed a deep elf mage
 10954 | Lair:1   | Entered Level 1 of the Lair of Beasts
 11450 | Lair:1   | Reached skill level 10 in Armour
 11454 | Lair:1   | Reached skill level 10 in Fighting
 11784 | Lair:2   | Reached XP level 12. HP: 62/78 MP: 12/12
 12303 | Lair:2   | Noticed a four-headed hydra
 12320 | Lair:2   | Killed a four-headed hydra
 13167 | Lair:3   | You fall into a shaft and drop 2 floors!
 13181 | Lair:6   | Entered Level 6 of the Lair of Beasts
 13259 | Lair:5   | Found a runed translucent door.
 13480 | Lair:4   | Noticed a death yak
 13480 | Lair:4   | Noticed a death yak
 13509 | Lair:4   | Killed a death yak
 13933 | Lair:3   | Found a staircase to the Swamp.
 14186 | Lair:3   | Noticed Gastronok
 14263 | Lair:3   | Reached XP level 13. HP: 84/84 MP: 13/13
 14792 | Lair:4   | Noticed Urug
 15079 | Lair:4   | Got a dull robe
 15344 | Lair:4   | Bought the +10 long sword of Division {distort, Int-2
                  | Dex+8} for 861 gold pieces
 15592 | Lair:4   | Found a hole to the Spider Nest.
 15626 | Lair:4   | Killed Urug
 15799 | Lair:4   | Reached skill level 1 in Long Blades
 15812 | Lair:4   | Reached skill level 15 in Shields
 16068 | Lair:3   | Banished Gastronok
 16370 | Lair:3   | Identified a scroll of acquirement
 16372 | Lair:3   | Acquired 1280 gold pieces
 16392 | Lair:3   | Identified the +1 robe of Bitterness {SInv} (You found it
                  | on level 4 of the Lair of Beasts)
 16597 | Lair:5   | Found a viscous altar of Jiyva.
 16600 | Lair:5   | Found a staircase to the Slime Pits.
 17805 | D:10     | Identified the ring of Qiecatz {Int+5 Dex-5 Stlth-}
 17859 | D:10     | Found Uttapout's Jewellery Shop.
 17867 | D:10     | Bought an uncursed ring of see invisible for 225 gold
                  | pieces
 17938 | D:10     | Identified the ring "Uchisaet" {rElec Str+4 Int+6}
 17961 | D:10     | Noticed a great orb of eyes
 17966 | D:10     | Banished a great orb of eyes
 17966 | D:10     | Gained mutation: Your large and strong wings let you fly
                  | indefinitely. [Gargoyle growth]
 17966 | D:10     | Reached XP level 14. HP: 92/92 MP: 14/14
 18480 | D:10     | Identified the Reference Book on Virous Transformation
 18803 | D:10     | Got a pitted plate armour
 18815 | D:10     | Identified the cursed +0 plate armour "Muwoh" {rElec Regen+
                  | Str-3 Slay+5} (You found it on level 10 of the Dungeon)
 19015 | D:11     | Found a staircase to the Orcish Mines.
 19102 | D:11     | You are sucked into a shaft and drop 2 floors!
 19192 | D:11     | Found a portal to a secret trove of treasure.
 19245 | D:11     | Noticed Erica
 19262 | D:11     | Killed Erica
 20086 | D:12     | Reached skill level 5 in Long Blades
 20331 | D:12     | Noticed Nergalle
 20343 | D:12     | Killed Nergalle
 20850 | Orc:1    | Entered Level 1 of the Orcish Mines
 21078 | Orc:2    | Entered Level 2 of the Orcish Mines
 21078 | Orc:2    | Noticed an orc warlord
 21182 | Orc:1    | Banished an orc warlord
 21373 | Orc:2    | Found Movog's Distillery.
 21385 | Orc:2    | Bought a potion of curing for 45 gold pieces
 21385 | Orc:2    | Bought a potion of mutation for 120 gold pieces
 21667 | Orc:2    | Found Odal's Distillery.
 21718 | Orc:2    | Bought a potion of heal wounds for 70 gold pieces
 21718 | Orc:2    | Bought a potion of degeneration for 14 gold pieces
 21718 | Orc:2    | Bought a potion of cancellation for 112 gold pieces
 21718 | Orc:2    | Bought a potion of invisibility for 112 gold pieces
 21723 | Orc:2    | Bought a potion of heal wounds for 70 gold pieces
 21723 | Orc:2    | Bought a potion of heal wounds for 70 gold pieces
 21727 | Orc:2    | Found Buzufurui's Magic Scroll Boutique.
 21732 | Orc:2    | Found Zetihepn's Distillery.
 21772 | Orc:2    | Bought a scroll of teleportation for 45 gold pieces
 21772 | Orc:2    | Bought a scroll of identify for 30 gold pieces
 21772 | Orc:2    | Bought a scroll of identify for 30 gold pieces
 21776 | Orc:2    | Found a staircase to the Elven Halls.
 21779 | Orc:2    | Bought a potion of heal wounds for 65 gold pieces
 21779 | Orc:2    | Bought a potion of resistance for 130 gold pieces
 21779 | Orc:2    | Bought a potion of heal wounds for 65 gold pieces
 22262 | Orc:2    | Found Cuipucev's Magic Scroll Shoppe.
 22270 | Orc:2    | Bought a scroll of identify for 22 gold pieces
 22270 | Orc:2    | Bought a scroll of identify for 22 gold pieces
 22270 | Orc:2    | Bought a scroll of identify for 22 gold pieces
 22639 | Orc:2    | Reached XP level 15. HP: 100/100 MP: 15/15
 22916 | Orc:2    | Found Enob's Antique Weapon Boutique.
 22916 | Orc:2    | Found Ysmaneze's Book Shop.
 22916 | Orc:2    | Found Gurghegi's Assorted Antiques.
 22925 | Orc:2    | Found Miobluy's General Store.
 22927 | Orc:2    | Bought a potion of lignification for 45 gold pieces
 24146 | D:14     | Found a gate to the Vaults.
 24780 | D:15     | Entered Level 15 of the Dungeon
 24980 | D:15     | Found a huge runed gate.
 24980 | D:15     | Found a huge runed gate.
 24998 | D:15     | Found a huge runed gate.
 24998 | D:15     | Found a huge runed gate.
 24998 | D:15     | Found a huge runed gate.
 24999 | D:15     | Found a huge runed gate.
 25000 | D:15     | Found a huge runed gate.
 25001 | D:15     | Found a huge runed gate.
 25002 | D:15     | Found a huge runed gate.
 25003 | D:15     | Found a huge runed gate.
 25014 | D:15     | Found a huge runed gate.
 25040 | D:15     | Found a huge runed gate.
 25040 | D:15     | Found a huge runed gate.
 25041 | D:15     | Found a huge runed gate.
 25041 | D:15     | Found a huge runed gate.
 25041 | D:15     | Found a huge runed gate.
 25045 | D:15     | Found a huge runed gate.
 25069 | D:15     | Found a huge runed gate.
 25070 | D:15     | Found a huge runed gate.
 25071 | D:15     | Found a huge runed gate.
 25168 | D:15     | Found a staircase to the Depths.
 25671 | D:15     | Noticed a sphinx
 25671 | D:15     | Noticed a frost giant
 25671 | D:15     | Noticed a storm dragon
 25671 | D:15     | Noticed a storm dragon
 25671 | D:15     | Noticed a fire giant
 25671 | D:15     | Noticed a storm dragon
 25671 | D:15     | Noticed a shadow dragon
 25985 | D:15     | Reached skill level 15 in Fighting
 26043 | D:15     | Banished a sphinx
 26043 | D:15     | Reached skill level 15 in Armour
 26043 | D:15     | Reached XP level 16. HP: 71/108 MP: 16/16
 26054 | D:15     | Killed a storm dragon
 26357 | D:15     | Banished a shadow dragon
 26392 | D:15     | Killed a storm dragon
 26395 | D:15     | Banished a storm dragon
 26442 | D:15     | Bought a scroll of identify for 28 gold pieces
 26442 | D:15     | Bought a scroll of magic mapping for 49 gold pieces
 26710 | Spider:1 | Entered Level 1 of the Spider Nest
 26993 | Spider:2 | You are sucked into a shaft and drop 1 floor!
 27496 | Elf:1    | Entered Level 1 of the Elven Halls
 27799 | Elf:1    | Found Meufom's Weapon Emporium.
 28364 | Elf:1    | Reached skill level 10 in Long Blades
 29040 | Elf:2    | Reached XP level 17. HP: 107/116 MP: 17/17
 29098 | Elf:2    | Noticed a Hell Sentinel
 29446 | Elf:2    | Found a runed translucent gate.
 29446 | Elf:2    | Found a runed translucent gate.
 29450 | Elf:2    | Found a runed translucent gate.
 29716 | Elf:3    | Entered Level 3 of the Elven Halls
 31136 | Elf:3    | Noticed a deep elf blademaster
 31335 | Elf:3    | Noticed a Brimstone Fiend
 31421 | Elf:2    | Killed a deep elf blademaster
 31697 | Elf:3    | Reached XP level 18. HP: 123/124 MP: 18/18
 31733 | Elf:3    | Noticed a deep elf blademaster
 31743 | Elf:3    | Banished a deep elf blademaster
 32140 | Elf:3    | Identified the +5 quarterstaff of Parts Unknown {speed,
                  | *Corrode rElec rF+}
 32140 | Elf:3    | Identified the cursed +1 robe of Autotheism {rF+ rC- rN+}
 32144 | Elf:3    | Noticed a deep elf master archer
 32391 | Elf:3    | Killed a deep elf master archer
 32604 | Elf:3    | Identified the +4 glaive of Ethrotu {elec, rPois Str+6
                  | Dex-4 Stlth+}
 32604 | Elf:3    | Identified the amulet of Waimomefru {Faith rN+}
 32843 | Elf:3    | Noticed a deep elf master archer
 32860 | Elf:3    | Killed a deep elf master archer
 33336 | Swamp:1  | Entered Level 1 of the Swamp
 33804 | Swamp:1  | Noticed Jorgrun
 33810 | Swamp:1  | Killed Jorgrun
 35526 | Swamp:4  | Entered Level 4 of the Swamp
 35544 | Swamp:4  | Reached XP level 19. HP: 122/131 MP: 19/19
 35587 | Swamp:4  | Noticed Donald
 36209 | Swamp:4  | Got a decaying rune of Zot
 36304 | Swamp:4  | Banished Donald
 37033 | Depths:1 | Entered Level 1 of the Depths
 37417 | Depths:1 | Bought a pair of glowing gloves for 262 gold pieces
 37458 | Depths:1 | Found a gateway to Hell.
 37827 | Depths:1 | Found Viyppepp's Serpentskin Sales.
 37987 | Depths:2 | Noticed Asterion
 38071 | Depths:1 | Killed Asterion
 39475 | Depths:2 | Reached XP level 20. HP: 134/139 MP: 20/20
 39703 | Depths:2 | Got a twitching lead ring
 39704 | Depths:2 | Identified the ring "Zenotapp" {rC+ Dex+3} (You found it on
                  | level 2 of the Depths)
 39709 | Depths:2 | Noticed Mara
 39717 | Depths:2 | Noticed Misa's illusion
 39720 | Depths:2 | Banished Mara
 39744 | Depths:2 | Reached XP level 21. HP: 144/144 MP: 21/21
 39950 | Depths:2 | Noticed an ancient lich
 39973 | Depths:2 | Killed an ancient lich
 40284 | Depths:3 | Found a gateway to a ziggurat.
 41442 | Depths:3 | Found a one-way gate leading to the halls of Pandemonium.
 41938 | Depths:3 | Noticed the Enchantress
 41987 | Depths:3 | Banished the Enchantress
 42124 | Depths:3 | Found a radiant altar of Vehumet.
 42272 | Depths:4 | Noticed a golden dragon
 43446 | Spider:1 | Reached XP level 22. HP: 151/151 MP: 22/22
 44333 | Spider:2 | Noticed Arachne
 44334 | Spider:2 | Banished Arachne
 44334 | Spider:2 | Reached skill level 10 in Dodging
 44351 | Spider:2 | Noticed Kirke
 44477 | Spider:1 | Killed Kirke
 46030 | Spider:3 | Noticed Louise
 46036 | Spider:3 | Banished Louise
 46301 | Spider:4 | Entered Level 4 of the Spider Nest
 47817 | Spider:4 | Got a gossamer rune of Zot
 48161 | Vaults:1 | Entered Level 1 of the Vaults
 48176 | Vaults:1 | Bought a potion of berserk rage for 60 gold pieces
 48176 | Vaults:1 | Bought a scroll of magic mapping for 42 gold pieces
 48176 | Vaults:1 | Bought a scroll of remove curse for 36 gold pieces
 48176 | Vaults:1 | Bought a scroll of remove curse for 36 gold pieces
 48176 | Vaults:1 | Bought a scroll of remove curse for 36 gold pieces
 48178 | Vaults:1 | Bought a scroll of remove curse for 66 gold pieces
 48178 | Vaults:1 | Bought 2 scrolls of identify for 88 gold pieces
 48180 | Vaults:1 | Bought the amulet of the Four Winds {rN+ MR+++ Clar} for
                  | 482 gold pieces
 48180 | Vaults:1 | Found the amulet of the Four Winds {rN+ MR+++ Clar}
 48363 | Vaults:1 | Reached skill level 15 in Long Blades
 49054 | Vaults:1 | Reached XP level 23. HP: 158/158 MP: 23/23
 49195 | Vaults:1 | Identified the Reference Book on Creative Lightness
 49418 | Vaults:1 | Found Nuduurocw's Jewellery Emporium.
 49488 | Vaults:1 | Bought the ring "Bitz" {+Inv rF+ MR+ Slay+2} for 924 gold
                  | pieces
 50019 | Vaults:2 | Noticed Nikola
 50026 | Vaults:2 | Banished Nikola
 50415 | Vaults:2 | Got an ancient silver ring
 50416 | Vaults:2 | Identified the ring "Fumausm" {+Fly rCorr Int+5} (You found
                  | it on level 2 of the Vaults)
 51135 | Vaults:2 | Found a staircase to the Crypt.
 51273 | Vaults:2 | Noticed Saint Roka
 51284 | Vaults:2 | Banished Saint Roka
 51684 | Depths:2 | Paralysed by a floating eye for 2 turns
 51728 | Depths:2 | Found a one-way gate to the infinite horrors of the Abyss.
 52327 | Vaults:3 | Noticed Bai Suzhen
 52356 | Vaults:2 | Killed Bai Suzhen
 52746 | Vaults:3 | Noticed Sojobo
 53317 | Vaults:3 | Reached XP level 24. HP: 166/166 MP: 23/23
 53369 | Vaults:3 | Killed Sojobo
 53858 | Vaults:4 | Found Toacumyu's General Store.
 53915 | Vaults:4 | Found a ruined gateway.
 53925 | Desolati | Entered the Desolation of Salt
 54391 | Desolati | Got a scorched ruby amulet
 54394 | Desolati | Got a steaming chain mail
 54396 | Desolati | Got turquoise-encrusted steam dragon scales
 54537 | Desolati | Identified the amulet "Vaggif" {RegenMP rElec Dex+3} (You
                  | found it in the Desolation of Salt)
 54539 | Desolati | Identified the +2 steam dragon scales of the Vacuum
                  | {*Corrode MR+ Int+4} (You found it in the Desolation of
                  | Salt)
 54541 | Desolati | Identified the +1 chain mail of the Iron City of Dis
                  | {+Blink rN+} (You found it in the Desolation of Salt)
 54563 | Desolati | Identified the Grimoire of the Displaced Frostbite
 54731 | Desolati | Got a masterwork ring mail
 54794 | Desolati | Got a polished long sword
 54795 | Desolati | Identified the +6 long sword "Xexzy" {flame, rN+ SInv} (You
                  | found it in the Desolation of Salt)
 54797 | Desolati | Identified the Grimoire of the Enchanting Snowflakes
 54803 | Desolati | Identified the +1 ring mail of Vuarae {rElec rC- SInv} (You
                  | found it in the Desolation of Salt)
 54933 | Desolati | Found the +6 arbalest "Damnation" {damnation}
 54962 | Desolati | Got a steaming ivory ring
 55001 | Desolati | Identified the Incunabulum of Combat Magic
 55005 | Desolati | Identified the ring of Absolutism {Wiz MR+ Dex+5} (You
                  | found it in the Desolation of Salt)
 55403 | Vaults:4 | Bought 2 scrolls of identify for 76 gold pieces
 55403 | Vaults:4 | Bought a scroll of teleportation for 57 gold pieces
 55403 | Vaults:4 | Bought a potion of mutation for 152 gold pieces
 55412 | Vaults:4 | Acquired a +0 tower shield of protection
 55593 | Vaults:4 | Acquired 360 gold pieces
 55841 | Vaults:4 | Noticed Frederick
 55866 | Vaults:4 | Killed Boris
 55991 | Vaults:4 | Banished Frederick
 56740 | Vaults:1 | Bought the amulet "Inenuuc" {Reflect rElec Dex+10 SH+5} for
                  | 715 gold pieces
 56907 | Vaults:5 | Entered Level 5 of the Vaults
 57127 | Vaults:4 | You are sucked into a shaft and drop 1 floor!
 57196 | Vaults:5 | Reached XP level 25. HP: 163/172 MP: 23/23
 57352 | Vaults:5 | Got a silver rune of Zot
 58325 | Vaults:5 | Identified Jogatwag's Incunabulum of Boosts and the Voyage
 58512 | Vaults:5 | Identified the +4 plate armour of a Gauntlet {Harm rPois
                  | rCorr Str-5}
 58787 | Vaults:5 | Identified the +7 great sword of Boti {vorpal, +Fly rElec
                  | Str+4}
 59130 | Vaults:1 | Bought a potion of heal wounds for 55 gold pieces
 59132 | Vaults:1 | Bought a potion of cancellation for 104 gold pieces
 59132 | Vaults:1 | Bought a scroll of identify for 26 gold pieces
 59132 | Vaults:1 | Bought a scroll of identify for 26 gold pieces
 59303 | Temple   | Entered the Ecumenical Temple
 59328 | Temple   | Fell from the grace of Gozag
 59328 | Temple   | Became a worshipper of the Shining One
 59580 | Crypt:1  | Entered Level 1 of the Crypt
 59608 | Crypt:1  | Reached * piety under the Shining One
 59675 | Crypt:1  | Reached ** piety under the Shining One
 59752 | Crypt:1  | Reached *** piety under the Shining One
 60072 | Crypt:1  | Reached **** piety under the Shining One
 60193 | Crypt:1  | Got a bound pewter ring
 60194 | Crypt:1  | Identified the ring of Bogriwy {+Fly rPois rC- MR+ Int+4}
                  | (You found it on level 1 of the Crypt)
 60614 | Crypt:2  | Reached ***** piety under the Shining One
 60915 | Crypt:2  | Found the +4 Cigotuvi's embrace {rRot *Drain rN+}
 60972 | Crypt:2  | Found a runed translucent door.
 60973 | Crypt:2  | Noticed Nyot's ghost (veteran GrFi)
 61142 | Crypt:3  | Entered Level 3 of the Crypt
 61160 | Crypt:3  | Found a runed translucent door.
 61161 | Crypt:3  | Found a shimmering altar of Xom.
 61161 | Crypt:3  | Noticed Misa's ghost (master GrBe)
 61400 | Crypt:3  | Found a staircase to the Tomb.
 61473 | Crypt:3  | Reached ****** piety under the Shining One
 61473 | Crypt:3  | Reached XP level 26. HP: 180/180 MP: 23/23
 62091 | Elf:2    | Identified a +6 eudemon blade of holy wrath (a +4 demon
                  | blade of freezing blessed by the Shining One)
 62091 | Elf:2    | Received a gift from the Shining One
 62096 | Elf:2    | Cast into level 4 of the Abyss (unwielding a weapon of
                  | distortion)
 62199 | Abyss:4  | Paralysed by accursed screaming for 2 turns
 62213 | Abyss:4  | Found a corrupted altar of Lugonu.
 62270 | Abyss:4  | Got an abyssal rune of Zot
 62274 | Elf:2    | Escaped the Abyss
 63298 | Crypt:3  | Noticed Boris
 63572 | Crypt:3  | Found an ancient bone altar of Kikubaaqudgha.
 63804 | Crypt:3  | Found a basalt altar of Yredelemnul.
 63851 | Crypt:3  | Found an ancient bone altar of Kikubaaqudgha.
 63858 | Crypt:3  | Found the +7 great mace "Undeadhunter" {disrupt, rN+}
 64354 | Tomb:1   | Entered Level 1 of the Tomb of the Ancients
 64802 | Depths:4 | Noticed Jory
 64813 | Depths:4 | Killed Jory
 65289 | Depths:4 | Identified the +5 tower shield "Poetolom" {Harm rElec
                  | Stlth+}
 65289 | Depths:4 | Noticed Mennas
 65531 | Depths:4 | Killed Mennas
 65756 | Depths:4 | Identified a +2 pair of boots of running (You found it on
                  | level 4 of the Depths)
 66054 | Depths:4 | Reached XP level 27. HP: 182/186 MP: 23/23
 66082 | Depths:4 | Noticed a juggernaut
 66124 | Depths:3 | Killed a juggernaut
 66396 | Depths:4 | Was forgiven by Gozag
 66470 | Depths:4 | Noticed a juggernaut
 66481 | Depths:4 | Killed a juggernaut
 66487 | Depths:4 | Paralysed by a floating eye for 4 turns
 66532 | Depths:4 | Identified the Catalogue of Quantum Companions
 66765 | Depths:5 | Entered Level 5 of the Depths
 66765 | Depths:5 | Found a magical portal.
 66777 | WizLab   | Entered Cigotuvi's Fleshworks
 67307 | Depths:5 | Found a gate to the Realm of Zot.
 67423 | Depths:5 | Reached skill level 15 in Dodging
 67979 | Zot:1    | Entered Level 1 of the Realm of Zot
 70306 | Zot:2    | Noticed an orb of fire
 70306 | Zot:2    | Gained mutation: You tend to lose your temper in combat.
                  | [an orb of fire]
 70322 | Zot:2    | Gained mutation: Armour fits poorly on your strangely
                  | shaped body. [an orb of fire]
 70327 | Zot:2    | Gained mutation: You have large cloven feet. [an orb of
                  | fire]
 70330 | Zot:2    | Killed an orb of fire
 70810 | Orc:2    | Bought a potion of curing for 45 gold pieces
 70845 | Orc:2    | Bought 2 potions of mutation for 208 gold pieces
 70845 | Orc:2    | Bought a potion of cancellation for 104 gold pieces
 70845 | Orc:2    | Bought 3 potions of resistance for 390 gold pieces
 70845 | Orc:2    | Bought a potion of haste for 130 gold pieces
 70845 | Orc:2    | Bought a potion of haste for 130 gold pieces
 70860 | Orc:2    | Bought a potion of mutation for 112 gold pieces
 70860 | Orc:2    | Bought a potion of haste for 140 gold pieces
 71128 | Spider:4 | Lost mutation: You tend to lose your temper in combat.
                  | [potion of mutation]
 71128 | Spider:4 | Lost mutation: Armour fits poorly on your strangely shaped
                  | body. [potion of mutation]
 71128 | Spider:4 | Lost mutation: You have large cloven feet. [potion of
                  | mutation]
 71128 | Spider:4 | Gained mutation: You tend to lose your temper in combat.
                  | [potion of mutation]
 71128 | Spider:4 | Gained mutation: Your mind is acute. (Int +2) [potion of
                  | mutation]
 71128 | Spider:4 | Gained mutation: You are occasionally teleported next to
                  | monsters. [potion of mutation]
 71128 | Spider:4 | Gained mutation: You are partially covered in large bone
                  | plates. (SH +4) [potion of mutation]
 71129 | Spider:4 | Lost mutation: Your mind is acute. (Int +2) [potion of
                  | mutation]
 71129 | Spider:4 | Lost mutation: You tend to lose your temper in combat.
                  | [potion of mutation]
 71129 | Spider:4 | Gained mutation: You possess an exceptional clarity of
                  | mind. [potion of mutation]
 71129 | Spider:4 | Gained mutation: Your skin changes colour to match your
                  | surroundings (Stealth+). [potion of mutation]
 71129 | Spider:4 | Gained mutation: Your mind is acute. (Int +2) [potion of
                  | mutation]
 71129 | Spider:4 | Gained mutation: You are partially covered in thin metallic
                  | scales. (AC +2) [potion of mutation]
 71131 | Spider:4 | Upgraded the game from 0.26-a0-307-g4e7fcc93f0 to
                  | 0.26-a0-317-ge2f3d4a7ca
 71458 | Hell     | Entered the Vestibule of Hell
 71458 | Hell     | Noticed Geryon
 72044 | Hell     | Killed Geryon
 72113 | Hell     | Found a gateway to the ashen valley of Gehenna.
 72227 | Hell     | Found a gateway to the Iron City of Dis.
 72258 | Hell     | Found a gateway to the freezing wastes of Cocytus.
 72364 | Hell     | Found a gateway to the decaying netherworld of Tartarus.
 72491 | Tar:1    | Entered Level 1 of Tartarus
 73441 | Tar:7    | Entered Level 7 of Tartarus
 73605 | Tar:7    | Got a vibrating lead ring
 73606 | Tar:7    | Identified the ring of Cuidaane {Int+4 Stlth-} (You found
                  | it on level 7 of Tartarus)
 73643 | Tar:7    | Identified Jipommaf's Reference Book on Fire and
                  | Confrontation
 73721 | Tar:7    | Noticed an ancient lich
 73731 | Tar:7    | Killed an ancient lich
 73758 | Tar:7    | Noticed an ancient lich
 73765 | Tar:7    | Killed an ancient lich
 73813 | Tar:7    | Noticed Ereshkigal
 73853 | Tar:7    | Killed Ereshkigal
 74010 | Tar:7    | Got a bone rune of Zot
 76379 | Tar:2    | You are sucked into a shaft and drop 1 floor!
 87372 | Tar:1    | Reached skill level 27 in Fighting
 87379 | Tar:1    | Reached skill level 27 in Armour
 90150 | Tar:1    | Reached skill level 27 in Shields
 91406 | Tar:1    | Reached skill level 1 in Stealth
 91497 | Tar:1    | Reached skill level 1 in Invocations
 93214 | Tar:1    | Reached skill level 5 in Stealth
 93581 | Tar:1    | Reached skill level 5 in Invocations
 97731 | Tar:1    | Reached skill level 10 in Stealth
 98675 | Tar:1    | Reached skill level 10 in Invocations
106712 | Tar:1    | Reached skill level 15 in Invocations
108288 | Tar:1    | Reached skill level 1 in Evocations
109894 | Tar:1    | Upgraded the game from 0.26-a0-317-ge2f3d4a7ca to
                  | 0.26-a0-346-g33516b1736
110444 | Tar:1    | Reached skill level 1 in Throwing
114127 | Tar:1    | Reached skill level 5 in Evocations
115121 | Tar:1    | Reached skill level 5 in Throwing
125269 | Tar:1    | Reached skill level 10 in Evocations
125518 | Tar:1    | Reached skill level 10 in Throwing
126349 | Dis:1    | Entered Level 1 of the Iron City of Dis
131303 | Tar:1    | Reached skill level 27 in Long Blades
143657 | Tar:1    | Reached skill level 15 in Evocations
144482 | Tar:1    | Reached skill level 15 in Throwing
168349 | Tar:1    | Reached skill level 27 in Dodging
174844 | Tar:1    | Reached skill level 27 in Invocations
178156 | Dis:5    | You are sucked into a shaft and drop 1 floor!
178259 | Dis:7    | Entered Level 7 of the Iron City of Dis
178545 | Dis:7    | Got a coiled tin ring
178547 | Dis:7    | Identified the ring of Hintapt {rPois rF+ rC+ MR+ Stlth-}
                  | (You found it on level 7 of the Iron City of Dis)
178551 | Dis:7    | Got a smoking bronze ring
178553 | Dis:7    | Identified the ring of the Tormentor {rC+ rCorr Dex+5} (You
                  | found it on level 7 of the Iron City of Dis)
178808 | Dis:7    | Got a warped hunting sling
179313 | Dis:7    | Identified the +4 staff of Dispater
179313 | Dis:7    | Noticed Dispater
179340 | Dis:7    | Killed Dispater
179383 | Dis:7    | Got an iron rune of Zot
179398 | Dis:7    | Got a bloodstained ring mail
179399 | Dis:7    | Identified the +3 ring mail "Yvol Fes" {rN+ Str+5} (You
                  | found it on level 7 of the Iron City of Dis)
179967 | Geh:1    | Entered Level 1 of Gehenna
180014 | Geh:1    | Found the +7 great mace "Firestarter" {inner flame, rF++}
180359 | Geh:2    | You are sucked into a shaft and drop 1 floor!
180720 | Geh:4    | You are sucked into a shaft and drop 1 floor!
181203 | Geh:7    | Entered Level 7 of Gehenna
182193 | Geh:7    | Identified the +7 sceptre of Asmodeus
182193 | Geh:7    | Noticed Asmodeus
182216 | Geh:7    | Killed Asmodeus
182254 | Geh:7    | Found the +10 dark maul {vorpal}
182296 | Geh:7    | Identified An Introduction to Casting
182308 | Geh:7    | Got a sparkling diamond amulet
182310 | Geh:7    | Identified the amulet of Raoceneyn {rElec MR+++ Regen+
                  | Int-2 Dex+2} (You found it on level 7 of Gehenna)
182329 | Geh:7    | Got an obsidian rune of Zot
182344 | Geh:7    | Got a vibrating lead amulet
182345 | Geh:7    | Identified the amulet "Zyiph" {RegenMP rElec rC+ Dex-5
                  | Stlth+} (You found it on level 7 of Gehenna)
182729 | Coc:1    | Entered Level 1 of Cocytus
183186 | Coc:7    | Entered Level 7 of Cocytus
183282 | Coc:7    | Noticed the Serpent of Hell
183305 | Coc:7    | Killed the Serpent of Hell
183896 | Coc:7    | Noticed Antaeus
183923 | Coc:7    | Killed Antaeus
183954 | Coc:7    | Got an icy rune of Zot
183957 | Coc:7    | Got a shimmering whip
183958 | Coc:7    | Identified the +5 whip "Beastslayer" {drain, rN++ Int+4
                  | Dex-2} (You found it on level 7 of Cocytus)
184032 | Coc:7    | Found the +3 pair of gauntlets of War {Slay+5}
184943 | Zot:3    | Found a runed translucent gate.
184944 | Zot:3    | Found a runed translucent gate.
184945 | Zot:3    | Found a runed translucent gate.
184948 | Zot:3    | Noticed Zebal's ghost (legendary DsEn)
184963 | Zot:3    | Killed Zebal's ghost
185585 | Zot:4    | Found a transporter.
185591 | Zot:4    | Found a transporter.
185591 | Zot:4    | Noticed an orb of fire
185593 | Zot:4    | Identified the amulet of Wu Jian's Scorn {Acrobat rF- rC+
                  | Int+4}
185594 | Zot:4    | Noticed an ancient lich
185598 | Zot:4    | Noticed an orb of fire
185610 | Zot:4    | Found a transporter.
185611 | Zot:4    | Identified the cursed +0 cloak "Wihifoti" {rC+ Str+3}
185625 | Zot:4    | Found a transporter.
185625 | Zot:4    | Found a transporter.
185779 | Zot:5    | Entered Level 5 of the Realm of Zot
186072 | Zot:4    | Gained mutation: You occasionally shout uncontrollably at
                  | your foes. [an orb of fire]
186086 | Zot:4    | Killed an orb of fire
186351 | Zot:5    | Found a runed translucent door.
186354 | Zot:5    | Noticed walterwhite's ghost (legendary MiFi)
186399 | Zot:5    | Killed walterwhite's ghost
186411 | Zot:5    | Identified Zituh's Handbook of Benedictions and
                  | Contamination
186944 | Zot:5    | Noticed an orb of fire
187001 | Zot:5    | Noticed an orb of fire
187003 | Zot:5    | Gained mutation: You are frail. (-10% HP) [an orb of fire]
187011 | Zot:5    | Killed an orb of fire
187077 | Zot:5    | Noticed an orb of fire
187084 | Zot:5    | Gained mutation: You are very frail. (-20% HP) [an orb of
                  | fire]
187086 | Zot:5    | Gained mutation: You sometimes yell uncontrollably at your
                  | foes. [an orb of fire]
187095 | Zot:5    | Killed an orb of fire
187105 | Zot:5    | Noticed an orb of fire
187105 | Zot:5    | Noticed an orb of fire
187107 | Zot:5    | Noticed an orb of fire
187108 | Zot:5    | Noticed an ancient lich
187109 | Zot:5    | Gained mutation: You are weak. (Str -2) [an orb of fire]
187112 | Zot:5    | Gained mutation: You are clumsy. (Dex -2) [an orb of fire]
187122 | Zot:5    | Killed an orb of fire
187122 | Zot:5    | Gained mutation: You are very weak. (Str -4) [an orb of
                  | fire]
187123 | Zot:5    | Gained mutation: Your magical capacity is low. (-10% MP)
                  | [an orb of fire]
187417 | Zot:5    | Killed an ancient lich
187417 | Zot:5    | Reached skill level 27 in Evocations
187487 | Zot:5    | Reached skill level 27 in Throwing
187487 | Zot:5    | Reached skill level 1 in Spellcasting
187857 | Zot:5    | Reached skill level 5 in Spellcasting
188073 | Zot:5    | Noticed an orb of fire
188079 | Zot:5    | Gained mutation: You are sometimes teleported next to
                  | monsters. [an orb of fire]
188083 | Zot:5    | Gained mutation: You are very clumsy. (Dex -4) [an orb of
                  | fire]
188093 | Zot:5    | Killed an orb of fire
188100 | Zot:5    | Gained mutation: You are often teleported next to monsters.
                  | [an orb of fire]
188106 | Zot:5    | Gained mutation: You frequently scream uncontrollably at
                  | your foes. [an orb of fire]
188107 | Zot:5    | Gained mutation: Your body sometimes deteriorates upon
                  | taking damage. [an orb of fire]
188110 | Zot:5    | Gained mutation: Scrolls take you a little longer to read.
                  | [an orb of fire]
188110 | Zot:5    | Lost mutation: You are very clumsy. (Dex -4) [an orb of
                  | fire]
188112 | Zot:5    | Killed an orb of fire
188117 | Zot:5    | Gained mutation: You do not regenerate when monsters are
                  | visible. [an orb of fire]
188129 | Zot:5    | Killed an orb of fire
188189 | Zot:5    | Reached skill level 10 in Spellcasting
188578 | Zot:5    | Noticed an ancient lich
188593 | Zot:5    | Killed an orb of fire
188597 | Zot:5    | Killed an ancient lich
189050 | Zot:4    | Noticed an orb of fire
189056 | Zot:4    | Gained mutation: Your body often deteriorates upon taking
                  | damage. [an orb of fire]
189059 | Zot:4    | Gained mutation: Scrolls take you longer to read. [an orb
                  | of fire]
189066 | Zot:4    | Lost mutation: You possess an exceptional clarity of mind.
                  | [an orb of fire]
189067 | Zot:4    | Killed an orb of fire
189568 | Slime:1  | Entered Level 1 of the Pits of Slime
190389 | Slime:3  | Lost mutation: Your mind is acute. (Int +2) [a shining eye]
190392 | Slime:3  | Gained mutation: Your spells are a little easier to cast,
                  | but a little less powerful. [a shining eye]
190554 | Slime:4  | Gained mutation: Scrolls take you much longer to read. [a
                  | shining eye]
190614 | Slime:4  | Found a viscous altar of Jiyva.
191641 | Slime:5  | Entered Level 5 of the Pits of Slime
191812 | Slime:5  | Gained mutation: Potions are less effective at restoring
                  | your health. [a shining eye]
191962 | Slime:5  | Reached skill level 15 in Spellcasting
191963 | Slime:5  | Noticed the Royal Jelly
192199 | Slime:5  | Gained mutation: You are very clumsy. (Dex -4) [a shining
                  | eye]
192202 | Slime:5  | Gained mutation: Your spells are easier to cast, but less
                  | powerful. [a shining eye]
192470 | Slime:5  | Killed the Royal Jelly
192481 | Slime:4  | HP: 11/238 [acid[the Royal Jelly] (2)]
192481 | Slime:4  | HP: 3/238 [acid blob/splash of acid (8)]
192481 | Slime:4  | Splashed by an acid blob's acid

Illustrated notes

Levels and vault maps discovered:
D:1:      nzn_arrival_crosshair, layout_basic
D:2:      layout_loops_corners, old_standard_altar, minivault_26, uniq_sigmund,
          uniq_robin, uniq_natasha, uniq_terence
D:3:      layout_basic, overflow_temple_1_default
D:4:      layout_layer_cave, marbit_many_paths
D:5:      layout_gridville, old_standard_altar, kennysheep_mini,
          lemuel_round_altar, gammafunk_temple_overflow_claw, serial_shops,
          shop, serial_park_tiny_pond, nicolae_ru_awakened_eye
D:6:      layout_basic, minmay_temple_entry_gardened_gates
D:7:      layout_basic, serial_rivers, chequers_serial_rivers_large_b,
          chequers_serial_rivers_micro_e, chequers_serial_rivers_micro_a,
          chequers_serial_rivers_micro_d, minmay_manual_monstrance
D:8:      layout_basic, minmay_manual_macuahuitl, uniq_prince_ribbit1,
          uniq_harold
D:9:      layout_long_grid, kennysheep_little_box, lemuel_round_altar,
          dpeg_oklobed_lair, hangedman_decor_opposing
D:10:     minmay_the_grid_square_5x5_4x4 [minmay_the_grid_square_5x5_percent,
          minmay_the_grid_square_5x5_meh,
          minmay_the_grid_square_5x5_beaten_path,
          minmay_the_grid_square_5x5_hollow_slash,
          minmay_the_grid_square_5x5_trominoes,
          minmay_the_grid_square_5x5_prize_itemx,
          minmay_the_grid_square_5x5_prize_deathbox,
          minmay_the_grid_square_5x5_three_small,
          minmay_the_grid_square_5x5_gyroscope,
          minmay_the_grid_square_5x5_prize_rear_guard,
          minmay_the_grid_square_5x5_prize_monsterx,
          minmay_the_grid_square_5x5_inverted_slash,
          minmay_the_grid_square_5x5_checkered,
          minmay_the_grid_square_5x5_inner_z,
          minmay_the_grid_square_5x5_minivault,
          minmay_the_grid_square_5x5_bite], layout_loops_cross, serial_shops,
          nicolae_shop_temple_entry_statues_fountains, minmay_misc_feat_tower,
          small_statue_intersection, st_stairs_14, grunt_ministairs_8,
          minmay_hollow_rounded_squares
D:11:     layout_gridville, minmay_orc_entry_guard_dogs, enter_trove_1,
          uniq_erica
D:12:     minmay_opposing_rooms, layout_loops_cross, uniq_nergalle
D:13:     layout_loops_cross, st_stairs_7, roderic_lattice_a,
          kennysheep_generic_room_13
D:14:     layout_basic, david_vaults_2, gauntlet_entry_generic,
          serial_park_tiny_2
D:15:     gammafunk_depths_entry_grave, layout_rooms, minivault_23, door_vault
Temple:   pf_slime_end_temple
Lair:1:   layout_gridlike, zaba_anthole, ldierk_geyser
Lair:2:   layout_roguey, beast_lair_carwin_7
Lair:3:   layout_chaotic_city, skrybe_swamp_entry_bodies, serial_bayou_lake_a,
          uniq_gastronok
Lair:4:   layout_regular_city, spider_nest_entry_a, uniq_urug
Lair:5:   layout_loops_ring, slime_altar_2, infiniplex_staircase_pool_2,
          lemuel_fruit_fields, serial_bayou_shore_a
Lair:6:   evilmike_catoblepas_cave, layout_regular_city, grunt_megastairs_2,
          infiniplex_staircase_pool
Swamp:1:  layout_basic_swamp, evilmike_swamp_ruin_house_2, swamp_pool3,
          st_swamp_ruins_3, uniq_jorgrun
Swamp:2:  layout_basic_swamp, nicolae_swamp_stair_fork, swamp_pool3
Swamp:3:  layout_basic_swamp, evilmike_swamp_ruin_wall
Swamp:4:  swamp_icy, layout_basic_swamp, serial_swamp_ruin,
          evilmike_swamp_ruin_house_1, evilmike_swamp_ruin_house_6, uniq_donald
Spider:1: layout_chambers, einodemon_crawler_minivault
Spider:2: layout_spider_delve, drop_trap, zaba_antful_of_joy, uniq_kirke,
          uniq_arachne
Spider:3: layout_spider_delve, hive_lemuel, uniq_louise
Spider:4: grunt_spider_rune_circles, hangedman_stitches_earthworm
Slime:1:  layout_caves
Slime:2:  layout_caves
Slime:3:  layout_caves
Slime:4:  layout_caves, basic_altar
Slime:5
Orc:1:    layout_caves
Orc:2:    st_orc_mages, layout_diamond_mine, serial_shops, shop, shop, shop,
          shop, shop
Elf:1:    elf_arrival_002, layout_loops_corners, serial_shops, shop,
          kennysheep_underground_church
Elf:2:    layout_onion_city, serial_sigils, serial_sigils_hangedman_leer,
          serial_sigils_hangedman_clutch, serial_sigils_hangedman_shear
Elf:3:    minmay_elf_hall_curves, layout_rooms
Vaults:1: v_misc_10, grunt_vaults_hallway_short, v_rooms_6,
          hangedman_vaults_stream, ontoclasm_vaults_twist,
          vaults_standard_mumra_lines, nicolae_vaults_asterisk,
          vaults_dpeg_hooks, layout_vaults_chaotic_city, serial_shops,
          nicolae_shop_trees
Vaults:2: v_pattern_3, minmay_crypt_entry_simple_sparse,
          dpeg_vaults_monster_row, v_misc_26, nicolae_vaults_mini_display_case,
          nicolae_vaults_little_squares_4, nicolae_vaults_sealed_display,
          v_misc_3, v_misc_13, grunt_vaults_bifocal,
          nicolae_vaults_ring_of_whatevers, layout_vaults_maze_snakey,
          uniq_saint_roka, uniq_nikola
Vaults:3: v_misc_29, grunt_vaults_trifunnel, vaults_room_octagon,
          hangedman_vaults_hat, nicolae_vaults_statue_guard,
          vaults_mumra_hexcomb, nicolae_vaults_circle_grid_a,
          vaults_mumra_chevron_long, ontoclasm_vaults_decontamination,
          layout_vaults_ring, uniq_sojobo, uniq_bai_suzhen
Vaults:4: v_misc_30, hangedman_vaults_trim, nicolae_vaults_ring_of_whatevers,
          v_pattern_1, grunt_vaults_swirl, vaults_room_fancy_cross,
          ontoclasm_vaults_misaligned, nicolae_vaults_puzzle_piece,
          vaults_mumra_hex, vaults_dpeg_ring, nicolae_vaults_little_squares_4,
          layout_vaults_omnicross, portal_desolation_entry_nicolae_slug,
          serial_shops, nicolae_shop_crystal, uniq_frederick, uniq_boris
Vaults:5
Crypt:1:  layout_basic, chequers_big_river, hex_tiny,
          grunt_crypt_arrival_guarded_gate
Crypt:2:  layout_chaotic_city, gammafunk_ghost_grave
Crypt:3:  lightli_unholy_cathedral, layout_chaotic_city,
          tomb_entry_simple_bobbens, basic_altar, ebering_ghost_xom,
          corexii_hall_statues_l
Tomb:1
Depths:1: layout_cave_pools, hell_entry, hex_medium, guppyfry_shop_venom
Depths:2: lemuel_river_lethe, hell_entry, abyss_entry, uniq_asterion, uniq_mara
Depths:3: grunt_forest_end_shrine, layout_gridlike, enter_ziggurat_d,
          rand_demon_pan_entry_7, serial_sigils_hangedman_confine, hell_entry,
          minmay_misc_feat_secret_circle
Depths:4: grunt_bent_corner, layout_long_grid, minmay_tree_intersection,
          rand_demon_pan_entry_1, grunt_hell_entry_dis_mu, abyss_entry_crystal,
          uniq_mennas, uniq_jory
Depths:5: grunt_crosshair, layout_gridlike, minmay_misc_feat_ornament,
          infiniplex_enter_wizlab_water, hangedman_coc_ice_floe,
          minmay_door_square
Hell
Dis:1:    layout_overlapping_boxes
Dis:2:    layout_regular_city
Dis:3:    layout_overlapping_boxes
Dis:4:    layout_chaotic_city
Dis:5:    lemuel_mystery_crypt, layout_jigsaw
Dis:6:    layout_chaotic_city, nicolae_dis_iron_filings
Dis:7:    dis_hangedman
Geh:1:    minmay_firetagon, layout_gehenna_pools_basic
Geh:2:    layout_gehenna_pools_triple
Geh:3:    layout_gehenna_pools_triple
Geh:4:    layout_gehenna_pools_triple
Geh:5:    layout_gehenna_lava_caves
Geh:6:    layout_gehenna_lava_caves, lemuel_flamethrower_2
Geh:7:    geh_mu
Coc:1:    layout_cocytus_water_paths
Coc:2:    layout_ice_bergs
Coc:3:    layout_cocytus_water_paths
Coc:4:    layout_ice_bergs
Coc:5:    layout_cocytus_delve
Coc:6:    layout_cocytus_water_paths
Coc:7:    coc_hangedman
Tar:1:    layout_cathedral_of_symmetry
Tar:2:    layout_catacombs
Tar:3:    layout_grid_maze
Tar:4:    layout_catacombs
Tar:5:    layout_grid_maze
Tar:6:    layout_catacombs
Tar:7:    tar_old
Zot:1:    layout_cathedral_of_symmetry
Zot:2:    layout_gridlike
Zot:3:    layout_gridville, ebering_ghost_rock_garden
Zot:4:    gammafunk_the_bubble [the_bubble_gammafunk_roulette],
          layout_concentric_octagons, zot_minivault_2, grunt_megastairs_4
Zot:5:    layout_onion, ebering_ghost_inner_flame, grunt_ministairs_2

Skill      XL: |  1  2  3  4  5  6  7  8  9 10 11 12 13 14 15 16 17 18 19 20 21 22 23 24 25 26 27 |
---------------+----------------------------------------------------------------------------------+-----
Dodging        | 1 2 3 5 7 8 9 10 11 12 13 14 27 | 27.0
Fighting       | 4 5 6 7 9 10 11 12 13 15 16 17 18 19 20 21 22 27 | 27.0
Maces & Flails | 3 4 5 7 9 11 13 14 | 14.1
Armour         | 4 5 6 7 9 10 11 12 13 15 16 17 18 19 20 21 22 27 | 27.0
Shields        | 4 5 6 7 9 12 14 15 16 17 18 19 20 21 22 27 | 27.0
Long Blades    | 3 6 8 10 11 12 13 14 15 16 17 18 27 | 27.0
Stealth        | 11 | 11.9
Invocations    | 27 | 27.0
Evocations     | 27 | 27.0
Throwing       | 27 | 27.0
Spellcasting   | 15 | 15.8

Action                   |  1- 3 |  4- 6 |  7- 9 | 10-12 | 13-15 | 16-18 | 19-21 | 22-24 | 25-27 || total
-------------------------+-------+-------+-------+-------+-------+-------+-------+-------+-------++-------
Melee: Flail             |   135 |    85 |   504 |   999 |   163 |       |       |       |       ||  1886
       Dagger            |       |    76 |    15 |       |       |       |       |       |       ||    91
       Long sword        |       |       |       |       |  1115 |   927 |  1007 |  2013 |   664 ||  5726
       Eudemon blade     |       |       |       |       |       |       |       |       | 15808 || 15808
Invok: Potion Petition   |       |       |     1 |       |       |       |       |       |       ||     1
       Call Merchant     |       |       |       |     2 |       |     1 |     1 |     3 |     2 ||     9
       Bribe Branch      |       |       |       |       |       |       |       |     1 |       ||     1
       Brand Weapon With |       |       |       |       |       |       |       |       |     1 ||     1
       Divine Shield     |       |       |       |       |       |       |       |       |    66 ||    66
       Summon Divine War |       |       |       |       |       |       |       |       |     9 ||     9
       Cleansing Flame   |       |       |       |       |       |       |       |       |     2 ||     2
 Abil: Fly               |       |       |       |       |     1 |       |     1 |     2 |       ||     4
       Stop Flying       |       |       |       |       |       |       |     2 |     1 |       ||     3
Evoke: Wand              |       |       |       |     3 |       |       |       |     1 |    10 ||    14
  Use: Scroll            |       |       |       |     2 |    26 |     5 |     5 |    18 |    21 ||    77
       Potion            |       |       |       |       |       |     1 |     2 |     2 |    14 ||    19
 Stab: Distracted        |       |       |       |     3 |     4 |     2 |     2 |     5 |     7 ||    23
       Confused          |       |       |       |       |       |       |     2 |       |       ||     2
       Held in net/web   |       |       |       |       |       |       |       |     1 |       ||     1
       Invisible         |       |       |       |       |       |       |       |       |     1 ||     1
Armor: Scale mail        |    79 |    71 |   330 |       |       |       |       |       |       ||   480
       Chain mail        |       |       |    28 |   359 |   107 |       |       |       |       ||   494
       Plate armour      |       |       |       |       |   310 |   420 |   299 |   634 |  2118 ||  3781
Dodge: Dodged            |    56 |    36 |   245 |   189 |   260 |   253 |   242 |   648 |  3701 ||  5630
       Repelled          |       |       |     2 |     5 |     1 |     2 |     4 |       |       ||    14
Block: Kite shield       |    70 |    77 |   321 |   804 |  1133 |   853 |   741 |  1362 |       ||  5361
       Reflection        |       |       |     2 |     9 |    76 |    67 |    57 |     6 |   143 ||   360
       Tower shield      |       |       |       |       |       |       |       |   289 | 19014 || 19303
       Rpst.: Long sword |       |       |       |       |    48 |    35 |    41 |   136 |    20 ||   280
       Eudemon blade     |       |       |       |       |       |       |       |       |   492 ||   492

Table legend:
 A = Non-vault XP
 B = Vault XP
 C = Vault XP percentage of total XP
 D = Non-vault monster count
 E = Vault monster count
 F = Vault count percentage of total count
                 A         B        C        D         E       F
            +---------+---------+-------+---------+---------+-------
      Total | 4803895 | 1417046 |  22.8 |    6433 |    1437 |  18.3
            +---------+---------+-------+---------+---------+-------
        D:1 |      23 |       0 |   0.0 |      16 |       0 |   0.0
        D:2 |      68 |     351 |  83.8 |      19 |      14 |  42.4
        D:3 |     226 |       0 |   0.0 |      27 |       0 |   0.0
        D:4 |     240 |       0 |   0.0 |      19 |       0 |   0.0
        D:5 |     273 |       0 |   0.0 |       9 |       0 |   0.0
        D:6 |     166 |       0 |   0.0 |      10 |       0 |   0.0
        D:7 |     868 |     362 |  29.4 |      28 |       4 |  12.5
        D:8 |    4057 |    1522 |  27.3 |      47 |       9 |  16.1
        D:9 |    1336 |     949 |  41.5 |      11 |       1 |   8.3
       D:10 |    2894 |   10838 |  78.9 |      15 |      53 |  77.9
       D:11 |    3224 |    1227 |  27.6 |      24 |       3 |  11.1
       D:12 |    8935 |    2027 |  18.5 |      36 |      10 |  21.7
       D:13 |    6184 |    1184 |  16.1 |      20 |       3 |  13.0
       D:14 |    5116 |    1824 |  26.3 |      23 |       3 |  11.5
       D:15 |   22373 |   24850 |  52.6 |      52 |      24 |  31.6
     Lair:1 |    6321 |     131 |   2.0 |      28 |       4 |  12.5
     Lair:2 |    5215 |    1484 |  22.2 |      20 |       7 |  25.9
     Lair:3 |    6299 |    2721 |  30.2 |      17 |       3 |  15.0
     Lair:4 |    8451 |    1975 |  18.9 |      27 |       5 |  15.6
     Lair:5 |    5539 |     102 |   1.8 |      23 |       4 |  14.8
    Swamp:1 |    7663 |    5604 |  42.2 |      28 |       5 |  15.2
    Swamp:2 |   10371 |       0 |   0.0 |      21 |       0 |   0.0
    Swamp:3 |   13937 |       0 |   0.0 |      34 |       0 |   0.0
    Swamp:4 |   14014 |   10221 |  42.2 |      37 |      31 |  45.6
   Spider:1 |   20139 |    4588 |  18.6 |      52 |      15 |  22.4
   Spider:2 |   15082 |   10826 |  41.8 |      46 |      36 |  43.9
   Spider:3 |   11609 |    2460 |  17.5 |      31 |      15 |  32.6
   Spider:4 |    6862 |   25920 |  79.1 |      24 |      48 |  66.7
    Slime:1 |   12212 |       0 |   0.0 |      27 |       0 |   0.0
    Slime:2 |    9219 |       0 |   0.0 |      17 |       0 |   0.0
    Slime:3 |   22895 |       0 |   0.0 |      32 |       0 |   0.0
    Slime:4 |   27130 |     807 |   2.9 |      49 |       3 |   5.8
    Slime:5 |    8327 |   25911 |  75.7 |      11 |       6 |  35.3
      Orc:1 |    4893 |       0 |   0.0 |      47 |       0 |   0.0
      Orc:2 |    6215 |    6193 |  49.9 |      53 |      46 |  46.5
      Elf:1 |   15249 |    5287 |  25.7 |      24 |       9 |  27.3
      Elf:2 |   19468 |   33116 |  63.0 |      31 |      36 |  53.7
      Elf:3 |   27649 |   37974 |  57.9 |      40 |      27 |  40.3
   Vaults:1 |   47854 |   13234 |  21.7 |      93 |      26 |  21.8
   Vaults:2 |   32108 |   39541 |  55.2 |      74 |      51 |  40.8
   Vaults:3 |    7899 |   21233 |  72.9 |      19 |      21 |  52.5
   Vaults:4 |   21424 |   44823 |  67.7 |      27 |      47 |  63.5
   Vaults:5 |    8615 |   72941 |  89.4 |      21 |      63 |  75.0
    Crypt:1 |   29847 |       0 |   0.0 |      52 |       0 |   0.0
    Crypt:2 |   33175 |    6220 |  15.8 |      45 |       5 |  10.0
    Crypt:3 |   24056 |   38447 |  61.5 |      25 |      29 |  53.7
     Tomb:1 |    4015 |       0 |   0.0 |       7 |       0 |   0.0
   Depths:1 |   17893 |   31128 |  63.5 |      31 |      39 |  55.7
   Depths:2 |    3575 |   73888 |  95.4 |       3 |     116 |  97.5
   Depths:3 |   34130 |   40189 |  54.1 |      42 |      29 |  40.8
   Depths:4 |   25215 |   96374 |  79.3 |      25 |      63 |  71.6
   Depths:5 |   40262 |   26297 |  39.5 |      30 |      18 |  37.5
       Hell |   12832 |   13202 |  50.7 |      10 |      18 |  64.3
      Dis:1 |   24828 |       0 |   0.0 |      44 |       0 |   0.0
      Dis:2 |    9140 |       0 |   0.0 |      16 |       0 |   0.0
      Dis:3 |     966 |       0 |   0.0 |       3 |       0 |   0.0
      Dis:4 |   11069 |       0 |   0.0 |      21 |       0 |   0.0
      Dis:5 |    3376 |       0 |   0.0 |       6 |       0 |   0.0
      Dis:6 |   11879 |       0 |   0.0 |      12 |       0 |   0.0
      Dis:7 |   48252 |  124676 |  72.1 |      42 |     109 |  72.2
      Geh:1 |   23852 |    2290 |   8.8 |      41 |       7 |  14.6
      Geh:2 |   18796 |       0 |   0.0 |      34 |       0 |   0.0
      Geh:3 |   21197 |       0 |   0.0 |      43 |       0 |   0.0
      Geh:4 |    5393 |       0 |   0.0 |      24 |       0 |   0.0
      Geh:5 |    4715 |       0 |   0.0 |      15 |       0 |   0.0
      Geh:6 |   35559 |       0 |   0.0 |      71 |       0 |   0.0
      Geh:7 |   56031 |   55868 |  49.9 |     109 |      41 |  27.3
      Coc:1 |   14490 |       0 |   0.0 |      27 |       0 |   0.0
      Coc:2 |    9167 |       0 |   0.0 |      17 |       0 |   0.0
      Coc:3 |    3064 |       0 |   0.0 |      14 |       0 |   0.0
      Coc:4 |   16406 |       0 |   0.0 |      35 |       0 |   0.0
      Coc:5 |   13863 |       0 |   0.0 |      17 |       0 |   0.0
      Coc:7 |   92325 |   99643 |  51.9 |      81 |      82 |  50.3
      Tar:1 | 3077015 |       0 |   0.0 |    3480 |       0 |   0.0
      Tar:2 |  108295 |       0 |   0.0 |     176 |       0 |   0.0
      Tar:3 |   67963 |       0 |   0.0 |      96 |       0 |   0.0
      Tar:4 |   51640 |       0 |   0.0 |     101 |       0 |   0.0
      Tar:5 |   40717 |       0 |   0.0 |      56 |       0 |   0.0
      Tar:6 |   85749 |       0 |   0.0 |      99 |       0 |   0.0
      Tar:7 |   63332 |  108230 |  63.1 |      52 |      79 |  60.3
      Zot:1 |   39172 |       0 |   0.0 |      20 |       0 |   0.0
      Zot:2 |   30718 |       0 |   0.0 |      18 |       0 |   0.0
      Zot:3 |   36194 |    5210 |  12.6 |      25 |       1 |   3.8
      Zot:4 |   42217 |   46346 |  52.3 |      26 |      17 |  39.5
      Zot:5 |   48832 |  171401 |  77.8 |      26 |      46 |  63.9
    Abyss:4 |    4041 |   19189 |  82.6 |       7 |      17 |  70.8
     WizLab |       0 |    2062 | 100.0 |       0 |       6 | 100.0
 Desolation |       0 |   44160 | 100.0 |       0 |      83 | 100.0
            +---------+---------+-------+---------+---------+-------
